 Dungeon Crawl Stone Soup version 0.19.1 (webtiles) character file.

6514 Ijustatesigmund the Protected (level 10, 0/91 HPs)
             Began as a Minotaur Monk on Nov 25, 2016.
             Was a Priest of Ashenzari.
             Slain by an orc warrior
             ... wielding a +0 long sword
              (9 damage)
             ... on level 11 of the Dungeon.
             The game lasted 00:25:01 (8042 turns).

Ijustatesigmund the Protected (Minotaur Monk)       Turns: 8042, Time: 00:25:02

Health: 0/91       AC:  7    Str: 16    XL:     10   Next: 69%
Magic:  9/9        EV:  9    Int:  7    God:    Ashenzari [***...]
Gold:   197        SH:  7    Dex: 16    Spells: 1 memorised, 8 levels left

rFire  . . .     SeeInvis +     f - +2 war axe (flame) (curse)
rCold  + . .     Gourm    .     o - +0 chain mail
rNeg   . . .     Faith    .     m - +0 buckler (curse)
rPois  .         Spirit   .     (helmet restricted)
rElec  .         Reflect  .     e - +0 cloak (curse)
rCorr  .         Harm     .     (no gloves)
MR     ++...                    (no boots)
Stlth  ..........               i - amulet of rage
                                v - ring of protection from cold
                                (no ring)

@: corroded, very slightly contaminated, invisible
A: retaliatory headbutt, horns 2, yellow scales 1, magic resistance 2
a: Curse Item, Scrying, Renounce Religion, Evoke Berserk Rage


You were on level 11 of the Dungeon.
You worshipped Ashenzari.
Ashenzari was most pleased with you.
You were not hungry.

You visited 2 branches of the dungeon, and saw 12 of its levels.

You collected 678 gold pieces.
You spent 481 gold pieces at shops.

Inventory:

Hand Weapons
 f - a cursed +2 war axe of flaming (weapon)
Armour
 e - a cursed +0 cloak (worn)
 m - a cursed +0 buckler (worn)
 o - a +0 chain mail (worn)
 z - a +2 shield of cold resistance
 E - the +3 chain mail of Laeryk {rN+ Str+2 SInv}
   (You bought it in a shop on level 9 of the Dungeon)

   It affects your strength (+2).
   It protects you from negative energy.
   It lets you see invisible.
 F - the +10 ring mail of the Endless Expanse {Int+4}
   (You bought it in a shop on level 9 of the Dungeon)

   It affects your intelligence (+4).
Jewellery
 i - an amulet of rage (around neck)
 v - a ring of protection from cold (right hand)
 B - an uncursed ring of wizardry
 C - an uncursed amulet of faith
Wands
 d - a wand of iceblast (14/15)
 s - a wand of iceblast (14/15)
 A - a wand of disintegration (2/24)
Scrolls
 q - a scroll of immolation
 r - a scroll of magic mapping
 t - 2 scrolls of remove curse
 y - 2 scrolls of recharging
 D - a scroll of identify
Potions
 h - 2 potions of cure mutation
Books
 j - a book of Necromancy

   Spells                             Type                      Level
   a - Pain                           Necromancy                   1
   b - Animate Skeleton               Necromancy                   1
   c - Vampiric Draining              Necromancy                   3
   d - Regeneration                   Charms/Necromancy            3
   e - Animate Dead                   Necromancy                   4
   f - Control Undead                 Necromancy                   4
 l - a book of Cantrips

   Spells                             Type                      Level
   a - Confusing Touch                Hexes                        1
   b - Animate Skeleton               Necromancy                   1
   c - Summon Small Mammal            Summoning                    1
   d - Apportation                    Translocation                1
Comestibles
 c - 4 bread rations
 g - 5 meat rations
 u - 4 chunks of flesh
 x - 5 fruits


   Skills:
 - Level 9.3 Fighting
 - Level 9.6(12.3) Axes
 + Level 11.6 Armour
 - Level 3.2 Dodging
 - Level 1.5 Stealth
 - Level 8.3(10.2) Shields
 - Level 2.4 Translocations


You had 8 spell levels left.
You knew the following spells:

 Your Spells              Type           Power        Failure   Level  Hunger
a - Apportation           Tloc           #.........   99%         1    ##.....


Dungeon Overview and Level Annotations

Branches:
Dungeon (11/15)            Temple (1/1) D:6
   Lair: D:8-11         Orc: D:9-12

Altars:
Ashenzari
Cheibriados
Dithmenos
Elyvilon
Fedhas
Gozag
Hepliaklqana
Kikubaaqudgha
Makhleb
Nemelex Xobeh
Okawaru
Qazlal
Ru
Sif Muna
Trog
Uskayaw
Vehumet
Xom
Yredelemnul
Zin
The Shining One

Shops:
D:9 =[*(


Innate Abilities, Weirdness & Mutations

You reflexively headbutt those who attack you in melee.
You have a pair of horns on your head.
You are partially covered in yellow scales. (AC +2)
You are highly resistant to hostile enchantments. (MR++)


Message History

The orc shouts!
The orc warrior shouts!
You hear a shout!
The orc warrior shouts!
You hear a shout!
You are starting to lose your buoyancy.
The orc warrior shouts!
The orc warrior shouts!
The orc warrior shouts!
You reach down and open the door.
The orc warrior shouts!
The troll shouts!
The orc warrior barely misses you. You furiously retaliate!
You headbutt the orc warrior!
The orc warrior shouts!
The troll shouts!
There is an open door here.
You float gracefully downwards.
Evoke which item? (* to show all) (? for menu, Esc to quit)
Zapping:
d - a wand of iceblast (will waste charges)
Press: ? - help, Shift-Dir - straight line
Okay, then.
It was a potion of magic.
Magic courses through your body.
The orc warrior hits you with a long sword!
You die...

* ########.## * *
#.(.# #)### *+*
#)# # , ,
#####(#### *o , ,
, #....T...# o ,
,,###
#........#***. ,
,,, ,+.#
#........'.# . ,,
{#@###..o.....#.#
o ,,
#.oo#.....o..#,o#.
,, ###.'........#*
'$ , ###........#
* . * #........# o
########## #


You could see an orc warrior and an orc.

Vanquished Creatures
  An unseen horror (D:9)
  A centaur zombie (D:10)
  Maurice (D:8)
  Joseph (D:9)
  A hippogriff (D:8)
  The ghost of kraktruk the Magician, an amateur TeAE (D:4)
  6 yaks
  A hungry ghost (D:7)
  The ghost of jerryfan the Magician, an amateur DgWz (D:3)
  2 orc warriors
  2 ice beasts (D:7)
  5 sky beasts
  An ogre (D:10)
  A phantom (D:7)
  4 centaurs
  A big kobold (D:8)
  11 bullfrogs
  A water moccasin zombie (D:7)
  4 killer bees (D:7)
  A scorpion (D:6)
  A howler monkey (D:6)
  2 electric eels (D:6)
  2 bullfrog zombies
  3 crimson imps
  3 jellies
  3 hounds
  A bullfrog skeleton (D:5)
  2 centaur skeletons
  4 iguanas
  2 orc wizards
  7 worker ants
  A hound skeleton (D:6)
  2 hound zombies
  A howler monkey zombie (D:7)
  A worker ant zombie (D:5)
  13 adders
  4 shadow imps
  An ooze (D:4)
  An adder skeleton (D:4)
  3 worms (D:2)
  2 dart slugs
  5 leopard geckos
  20 orcs
  3 giant cockroaches
  8 goblins
  5 hobgoblins
  12 jackals
  A quokka (D:8)
  A ball python (D:6)
  2 bats
  6 frilled lizards
  A giant cockroach zombie (D:6)
  7 kobolds
  9 rats
  2 fungi (D:2)
188 creatures vanquished.

Notes
Turn   | Place    | Note
-------+----------+-------------------------------------------
     0 | D:1      | Ijustatesigmund the Minotaur Monk began the quest for the Orb.
     0 | D:1      | Reached XP level 1. HP: 19/19 MP: 0/0
   374 | D:1      | Reached XP level 2. HP: 14/27 MP: 1/1
  1206 | D:2      | Reached XP level 3. HP: 30/33 MP: 2/2
  1325 | D:2      | Found a faded altar of an unknown god.
  1339 | D:2      | Reached skill level 5 in Axes
  1405 | D:2      | Reached skill level 1 in Armour
  1558 | D:2      | Reached XP level 4. HP: 39/40 MP: 3/3
  1663 | D:3      | Noticed jerryfan's ghost (amateur DgWz)
  1765 | D:3      | Learned a level 1 spell: Apportation
  1909 | D:3      | Gained mutation: You are resistant to hostile enchantments. (MR+) [potion of mutation]
  1909 | D:3      | Gained mutation: You are partially covered in yellow scales. (AC +2) [potion of mutation]
  1909 | D:3      | Gained mutation: You are highly resistant to hostile enchantments. (MR++) [potion of mutation]
  1977 | D:3      | Reached skill level 2 in Armour
  1977 | D:3      | Reached skill level 1 in Shields
  2013 | D:3      | Reached XP level 5. HP: 46/47 MP: 4/4
  2064 | D:3      | Killed jerryfan's ghost
  2064 | D:3      | Reached skill level 5 in Fighting
  2064 | D:3      | Reached XP level 6. HP: 51/56 MP: 5/5
  2548 | D:4      | Noticed kraktruk's ghost (amateur TeAE)
  2553 | D:4      | Killed kraktruk's ghost
  2705 | D:4      | Reached XP level 7. HP: 62/63 MP: 6/6
  3283 | D:5      | Entered Level 5 of the Dungeon
  3337 | D:5      | Found a sacrificial altar of Ru.
  3337 | D:5      | Found a burning altar of Makhleb.
  3905 | D:6      | Found a staircase to the Ecumenical Temple.
  3914 | Temple   | Entered the Ecumenical Temple
  3938 | Temple   | Became a worshipper of Ashenzari the Shackled
  3938 | Temple   | Reached * piety under Ashenzari
  3938 | Temple   | Reached ** piety under Ashenzari
  4096 | D:6      | Reached skill level 5 in Shields
  4465 | D:6      | Found a snail-covered altar of Cheibriados.
  4475 | D:6      | Reached XP level 8. HP: 71/73 MP: 7/7
  4737 | D:6      | Found a stormy altar of Qazlal.
  5316 | D:7      | Found a hazy altar of Hepliaklqana.
  5598 | D:7      | Found a shadowy altar of Dithmenos.
  5627 | D:7      | Reached XP level 9. HP: 72/82 MP: 8/8
  5712 | D:7      | Found a deep blue altar of Sif Muna.
  6113 | D:8      | Noticed Maurice
  6134 | D:8      | Killed Maurice
  6179 | D:8      | Reached skill level 3 in Armour
  6180 | D:8      | Reached skill level 4 in Armour
  6310 | D:8      | Reached skill level 5 in Armour
  6570 | D:8      | Reached skill level 6 in Armour
  6576 | D:8      | Reached *** piety under Ashenzari
  6679 | D:8      | Reached skill level 7 in Armour
  6679 | D:8      | Reached XP level 10. HP: 86/91 MP: 9/9
  6934 | D:8      | Reached skill level 8 in Armour
  7082 | D:9      | Reached skill level 9 in Armour
  7097 | D:9      | Noticed Joseph
  7109 | D:9      | Killed Joseph
  7360 | D:9      | Found Ypepedu's Antique Armour Shop.
  7487 | D:9      | Found Vyschimepp's Jewellery Emporium.
  7573 | D:9      | Found Ifovou's Assorted Antiques.
  7581 | D:9      | Bought a scorched chain mail for 247 gold pieces
  7581 | D:9      | Bought a polished ring mail for 234 gold pieces
  7594 | D:9      | Found a hide-covered altar of Uskayaw.
  7681 | D:9      | Noticed an unseen horror
  7681 | D:9      | Found Buirempaenn's Antique Weapon Shop.
  7692 | D:9      | Killed an unseen horror
  7692 | D:9      | Reached skill level 10 in Armour
  7876 | D:10     | Entered Level 10 of the Dungeon
  7884 | D:10     | Reached skill level 11 in Armour
  7985 | D:11     | Noticed an orc knight
  8020 | D:11     | HP: 4/91 [orc warrior/hand axe (15)]
  8042 | D:11     | Slain by an orc warrior

Skill      XL: |  1  2  3  4  5  6  7  8  9 10 |
---------------+-------------------------------+-----
Axes           | 4 5 6 7 9 |  9.6
Fighting       | 4 5 6 7 8 9 |  9.3
Armour         | 1 2 7 11 | 11.6
Shields        | 1 2 3 5 7 8 |  8.3
Translocations | 2 |  2.4
Dodging        | |  3.2
Stealth        | |  1.5

Action                   |  1- 3 |  4- 6 |  7- 9 | 10-12 || total
-------------------------+-------+-------+-------+-------++-------
Melee: Hand axe          |    99 |    46 |       |       ||   145
       Headbutt          |    14 |    10 |    34 |    28 ||    86
       War axe           |       |    19 |   247 |    98 ||   364
Invok: Curse Item        |       |       |     3 |       ||     3
Evoke: Wand              |       |       |       |     4 ||     4
  Use: Scroll            |     3 |     7 |     7 |     4 ||    21
       Potion            |       |     3 |     1 |    11 ||    15
 Stab: Invisible         |       |       |       |     1 ||     1
  Eat: Chunk             |     2 |     4 |     9 |     2 ||    17
       Beef jerky        |       |       |     2 |     1 ||     3
       Royal jelly       |       |       |     2 |       ||     2
Armor: Robe              |     4 |       |       |       ||     4
       Scale mail        |    16 |     3 |       |       ||    19
       Chain mail        |       |    23 |    91 |    42 ||   156
Dodge: Dodged            |    52 |    15 |    75 |    41 ||   183
Block: Buckler           |       |    15 |    67 |    29 ||   111
